 Dungeon Crawl Stone Soup version 0.13-a0-1536-gedae9ec (webtiles) character file.

380 Kae the Chopper (level 5, -2/46 HPs)
             Began as a Lava Orc Berserker on June 10, 2013.
             Was a Believer of Trog.
             Slain by an iguana (5 damage)
             ... on Level 4 of the Dungeon.
             The game lasted 00:03:39 (2516 turns).

Kae the Chopper (Lava Orc Berserker)                Turns: 2516, Time: 00:03:39

HP  -2/46        AC 10     Str 20      XL: 5   Next: 49%
MP   4/4         EV 10     Int  7      God: Trog [**....]
Gold 180         SH  0     Dex 11      Spells:  0 memorised,  4 levels left

Res.Fire  : + . .   See Invis. : .   a - +0 orc hand axe {=f}
Res.Cold  : . . .   Warding    : .   d - +0 ring mail
Life Prot.: . . .   Conserve   : .   (no shield)
Res.Poison: .       Res.Corr.  : .   (no helmet)
Res.Elec. : .       Clarity    : .   q - +0 orc cloak
Sust.Abil.: . .     Spirit.Shd : .   (no gloves)
Res.Mut.  : .       Stasis     : .   (no boots)
Res.Rott. : .       Flight     : .   (no amulet)
Saprovore : + . .                    (no ring)
                                     (no ring)

@: slightly resistant to hostile enchantments, extremely unstealthy
A: conserve scrolls, saprovore 1
a: Burn Spellbooks, Berserk, Trog's Hand, Renounce Religion


You were on level 4 of the Dungeon.
You worshipped Trog.
Trog was greatly pleased with you.
You were not hungry.

You visited 1 branch of the dungeon, and saw 4 of its levels.

You collected 160 gold pieces.

Inventory:

Hand weapons
 a - a +0,+0 orcish hand axe (weapon) {=f}
Armour
 b - a +0 animal skin
 d - a +0 ring mail (worn)
 q - a +0 orcish cloak (worn)
Magical devices
 l - a wand of random effects (19) {unknown}
Comestibles
 c - a meat ration
 h - 2 chokos
 j - a chunk of hound flesh
 o - 10 grapes
Scrolls
 f - 2 scrolls of identify
 k - 3 scrolls of teleportation
 m - 2 scrolls of remove curse
Potions
 e - a potion of flight
 g - 2 potions of invisibility
 i - a potion of confusion {unknown}
 p - a potion of restore abilities {unknown}
 r - a potion of slowing {unknown}
 s - a potion of poison {unknown}
 v - a potion of mutation {unknown}


   Skills:
 + Level 4.6 Fighting
 * Level 5.4 Axes
 + Level 3.7 Armour
 + Level 2.3 Dodging


You had 4 spell levels left.
You didn't know any spells.

Dungeon Overview and Level Annotations

Branches:
Dungeon (4/27)             Temple (0/1) D:4

Altars:
Ashenzari
Elyvilon
Okawaru

Shops:
D:4: !


Innate Abilities, Weirdness & Mutations

You have stony skin.
You cover ground slowly.
Your flesh is heat resistant.
Your flesh is vulnerable to cold.
Your heat harms attackers.
You bathe your surroundings in blazing heat.
You are too hot to use scrolls.
You are very good at protecting items from fire.
You can tolerate rotten meat.


Message History

You are too injured to fight recklessly!
You offer a prayer to Trog.
Trog is greatly pleased with you.
An iguana is nearby!
You are too injured to fight recklessly!
You are too injured to fight recklessly!
You are too injured to fight recklessly!
You are too injured to fight recklessly!
You are too injured to fight recklessly!
You are too injured to fight recklessly!
Unknown command.
Your ring mail prevents you from hitting the iguana.
The iguana is almost dead.
The iguana bites you!
* * * LOW HITPOINT WARNING * * *
Unknown command.
You barely miss the iguana.
The iguana is almost dead.
The iguana bites you.
You die...

##+ #.. #.# #.# #.#
#.# #########'##
...........###
..#.......@l∩#
.⌠.#........#.......
#...###......# ##...
...............# .
...⌠..>..⌠.......#
.................#
..###...###......#
....#.⌠.#...######
#...#...#...#


You could see an iguana.

Vanquished Creatures
  A hound (D:4)
  An orc wizard (D:3)
  Ijyb (D:2)
  4 adders
  A giant mite (D:2)
  2 worms
  12 orcs (D:3)
  6 giant cockroaches
  9 hobgoblins
  5 kobolds
  2 quokkas (D:3)
  9 bats
  2 giant geckos (D:3)
  4 goblins
  A jackal skeleton (D:4)
  6 rats
66 creatures vanquished.

Notes
Turn   | Place    | Note
--------------------------------------------------------------
     0 | D:1      | Kae, the Lava Orc Berserker, began the quest for the Orb.
     0 | D:1      | Reached XP level 1. HP: 19/19 MP: 0/0
   151 | D:1      | Found an iron altar of Okawaru.
   494 | D:1      | Reached XP level 2. HP: 23/26 MP: 1/1
   710 | D:2      | Reached skill level 4 in Axes
   783 | D:2      | Found a white marble altar of Elyvilon.
   836 | D:2      | Noticed Ijyb
   843 | D:2      | Reached XP level 3. HP: 30/33 MP: 2/2
   853 | D:2      | Killed Ijyb
  1300 | D:3      | Reached XP level 4. HP: 14/40 MP: 3/3
  1528 | D:3      | Acquired Trog's second power
  1805 | D:3      | Reached skill level 5 in Axes
  2134 | D:3      | Found a shattered altar of Ashenzari.
  2165 | D:3      | Reached XP level 5. HP: 46/46 MP: 4/4
  2479 | D:4      | Found a staircase to the Ecumenical Temple.
  2506 | D:4      | Found Xoonoafya's Distillery.
  2516 | D:4      | Slain by an iguana

Action                   |  1- 3 |  4- 6 || total
-------------------------+-------+-------++-------
Melee: Hand axe          |   132 |   143 ||   275
Invok: Berserk           |       |     1 ||     1
  Use: Scroll            |       |     6 ||     6
